 Dungeon Crawl Stone Soup version 0.27.1-4-g1640c2035a (webtiles) character file.

Game seed: 8788401473274045851

1 zeram the Sneak (level 1, -1/9 HPs)
             Began as a Spriggan Enchanter on Nov 13, 2021.
             Slain by a kobold (5 damage)
             ... on level 1 of the Dungeon.
             The game lasted 00:00:25 (46 turns).

zeram the Sneak (Spriggan Enchanter)                  Turns: 46, Time: 00:00:26

Health: -1/9       AC:  2    Str:  4    XL:     1   Next: 16%
Magic:  5/5        EV: 14    Int: 16    God:
Gold:   0          SH:  0    Dex: 15    Spells: 4/5 levels left

rFire    . . .     SeeInvis +   a - +1 dagger
rCold    . . .     Faith    .   (shield restricted)
rNeg     . . .     Spirit   .   b - +0 robe
rPois    .         Reflect  .   (helmet restricted)
rElec    .         Harm     .   (no cloak)
rCorr    .         Rampage  .   (gloves unavailable)
Will     .....                  (boots unavailable)
Stlth    +++.......             (no amulet)
HPRegen  0.03/turn              (no ring)
MPRegen  0.09/turn              (no ring)

@: constricted, very quick
A: very small, no large weapons, unfitting armour, see invisible, speed 3
a: no special abilities


You were on level 1 of the Dungeon.
You visited 1 branch of the dungeon, and saw 1 of its levels.

Inventory:

Hand Weapons
 a - a +1 dagger (weapon)
Armour
 b - a +0 robe (worn)


   Skills:
 - Level 1.1 Short Blades
 - Level 2.6 Dodging
 + Level 4.4 Stealth
 + Level 2.7 Spellcasting
 + Level 3.7 Hexes


You had 4 spell levels left.
You knew the following spells:

 Your Spells              Type           Power      Damage    Failure   Level
a - Corona                Hex            15%        N/A       4%          1

Your spell library contained the following spells:

 Spells                   Type           Power      Damage    Failure   Level
 Confusing Touch          Hex            14%        N/A       13%         3
 Tukima's Dance           Hex            14%        N/A       13%         3
 Ensorcelled Hibernation  Hex/Ice        16%        N/A       14%         2
 Dazzling Flash           Conj/Hex       16%        N/A       26%         3
 Sublimation of Blood     Necr           1%         N/A       28%         2
 Petrify                  Tmut/Erth      2%         N/A       88%         4
 Irradiate                Conj/Tmut      1%         3d14      99%         5


Dungeon Overview and Level Annotations

Branches:
Dungeon (1/15)

Altars:


Innate Abilities, Weirdness & Mutations

You are very small and have problems with some larger weapons.
You are too small for most types of armour.
You have supernaturally acute eyesight. (SInv)
You cover ground extremely quickly. (Speed+++)


Message History

You closely miss the jackal. The jackal closely misses you.
You hit the jackal.
The jackal is heavily wounded.
The jackal barely misses you. The kobold hits you with a +0 whip.
Ouch! That really hurt!
The jackal barely misses you.
You are too injured to fight recklessly!
You are too injured to fight recklessly!
Unknown command.
There is an open gate here.
You close the gate.
A kobold opens the gate.
You barely miss the bat. The bat completely misses you.
You hit the kobold but do no damage. The bat closely misses you.
The kobold completely misses you.
You closely miss the jackal.
The jackal is heavily wounded.
The bat closely misses you. The jackal completely misses you.
The kobold misses you.
You barely miss the jackal.
The jackal is heavily wounded.
The bat completely misses you. The jackal misses you. The kobold misses you.
You closely miss the jackal.
The jackal is heavily wounded.
The bat closely misses you. The jackal closely misses you.
The bat barely misses you. The kobold closely misses you.
The jackal closely misses you.
You hit the jackal but do no damage.
The jackal is heavily wounded.
The bat hits you. The jackal completely misses you. The kobold misses you.
You hit the jackal.
You kill the jackal!
The kobold completely misses you.
You barely miss the kobold. The bat completely misses you.
The ball python closely misses you. The ball python barely misses you.
The kobold misses you.
You hit the kobold but do no damage. The bat completely misses you.
The ball python closely misses you. The ball python grabs you.
The ball python constricts you. The kobold hits you with a +0 whip.
Ouch! That really hurt!
You die...

#. #. #### #. ###..#
# ##.# ###....#
#.#... ###......#
#....S ###........#
#...######b.....##..#
#....S@......####..#
###..K.....### #.<#
##.')......####..#
######......##..#
###........#
###......# ###....#
###..# ####


You could see a bat, a ball python and a kobold.

Vanquished Creatures
  A jackal (D:1)
1 creature vanquished.

Notes
Turn   | Place    | Note
-------+----------+-------------------------------------------
     0 | D:1      | zeram the Spriggan Enchanter began the quest for the Orb.
     0 | D:1      | Reached XP level 1. HP: 9/9 MP: 5/5
    46 | D:1      | Slain by a kobold

Illustrated notes

Levels and vault maps discovered:
D:1:      lemuel_arrival_funnel, layout_loops_ring, serial_shops, shop,
          hellmonk_ecumenical_altar_lost_god

Action                   || total
-------------------------++-------
Melee: Dagger            ||    13
Dodge: Dodged            ||    32
